 Dungeon Crawl Stone Soup version 0.29-a0-551-gffc1d7fb78 (webtiles) character file.

Game seed: 14261199908656583730

113 ptdevnull the Conjurer (level 4, -4/33 HPs)
             Began as a Draconian Conjurer on June 6, 2022.
             Succumbed to their own poison gas
             ... on level 3 of the Dungeon.
             The game lasted 00:05:34 (2534 turns).

ptdevnull the Conjurer (Draconian Conjurer)         Turns: 2534, Time: 00:05:35

Health: -4/33      AC:  7    Str: 10    XL:     4   Next: 65%
Magic:  8/9        EV: 12    Int: 20    God:
Gold:   71         SH:  0    Dex:  9    Spells: 3/9 levels left

rFire   . . .      SeeInvis .   f - +0 dagger
rCold   . . .      Faith    .   (no shield)
rNeg    . . .      Spirit   .   (body armour unavailable)
rPois   .          Reflect  .   (helmet restricted)
rElec   .          Harm     .   c - +1 cloak
rCorr   .          Rampage  .   (no gloves)
Will    .....                   (no boots)
Stlth   ++........              (no amulet)
HPRegen 0.11/turn               (no ring)
MPRegen 0.11/turn               (no ring)

@: lethally poisoned (-4 -> -22)
A: AC +5, unfitting armour, cold-blooded
a: no special abilities


You were on level 3 of the Dungeon.
You visited 1 branch of the dungeon, and saw 3 of its levels.

You collected 71 gold pieces.

Inventory:

Hand Weapons
 f - a +0 dagger (weapon)
Armour
 c - a +1 cloak (worn)
Scrolls
 e - a scroll of teleportation {unknown}
 g - a scroll of acquirement {unknown}
 n - a scroll of torment {unknown}
 p - a scroll of vulnerability {unknown}
Potions
 a - a potion of magic
 h - a potion of degeneration {unknown}
 j - 3 potions of flight {unknown}
 k - 4 potions of haste {unknown}
 l - a potion of brilliance {unknown}
 m - a potion of might {unknown}
 o - a potion of heal wounds {unknown}


   Skills:
 - Level 2.0 Dodging
 - Level 2.0 Stealth
 + Level 3.3 Spellcasting
 + Level 5.0 Conjurations


You had 3 spell levels left.
You knew the following spells:

 Your Spells              Type           Power      Damage    Failure   Level
a - Magic Dart            Conj           92%        1d7       1%          1
b - Searing Ray           Conj           46%        2d6       2%          2
c - Dazzling Flash        Conj/Hex       26%        N/A       14%         3

Your spell library contained the following spells:

 Spells                   Type           Power      Damage    Failure   Level
 Foxfire                  Conj/Fire      52%        2x1d6     4%          1
 Conjure Flame            Conj/Fire      13%        6-21      14%         3
 Inner Flame              Hex/Fire       3%         N/A       38%         3
 Flame Wave               Conj/Fire      13%        2d6       43%         4
 Fulminant Prism          Conj/Hex       6%         3d7       43%         4
 Iskenderun's Mystic Bla  Conj/Tloc      13%        2d5       43%         4
 Petrify                  Tmut/Erth      3%         N/A       80%         4
 Metabolic Englaciation   Hex/Ice        1%         N/A       98%         5
 Statue Form              Tmut/Erth      2%         N/A       100%        6


Dungeon Overview and Level Annotations

Branches:
Dungeon (3/15)

Altars:
Yredelemnul

Annotations:
D:3 3 runed translucent doors, Terence; purpskrrrp's ghost, amateur FoFi


Innate Abilities, Weirdness & Mutations

Your plain brown scales are hard. (AC +5)
You cannot fit into any form of body armour.
You are cold-blooded and may be slowed by cold attacks.


Message History

Terence freezes you.
You see here the felid corpse of Natasha.
Terence attacks as you move away!
Terence hits you with a +1 hand axe of freezing.
Terence freezes you. Terence attacks as you move away!
Terence hits you with a +1 hand axe of freezing.
Terence freezes you. Terence attacks as you move away!
Terence hits you with a +1 hand axe of freezing.
You feel yourself slow down. Terence freezes you.
* * * LOW HITPOINT WARNING * * *
You feel yourself speed up.
Purpskrrrp's ghost turns its malevolent gaze towards you.
There is an open door here.
As you read the scroll labelled FEOLUTZ LAIPTU, it crumbles to dust.
It is a scroll of enchant armour.
Your +0 cloak glows green for a moment.
Terence hits you with a +1 hand axe of freezing.
* * * LOW HITPOINT WARNING * * *
You feel yourself slow down. Terence freezes you.
* * * LOW HITPOINT WARNING * * *
Purpskrrrp's ghost says, "You can hit me, but you can't hurt me."
The adder bites you but does no damage.
The air fills with toxic fumes!
As you read the scroll labelled OSKECLUHAO, it crumbles to dust.
It was a scroll of poison.
The adder barely misses you. Terence hits you but does no damage.
The adder barely misses you. Terence barely misses you.
Really walk into that cloud of poison gas?
Okay, then.
Blink to where?
Press: ? - help, Dir - move target, p - Terence Really blink into that cloud of poison gas?
As you read the scroll labelled JONOGU PUXAOSM, it crumbles to dust.
It was a scroll of blinking.
You are engulfed in poison gas.
You are lethally poisoned!
* * * LOW HITPOINT WARNING * * *
You feel yourself speed up.
You die...

## ############ .#
#...§§§§§§§# .#
##.....§§§§§# ##
.###..†.J...J§B##
#.
...#...#######@S#
### #. .#.#...#
##§# #.#######.
B.J.†..# #§####
#......##. .#.....+
#§@..### #..###.#..
.###...#
####.#.###..# #.#.#
.# #..##
#W?+....###.###....
.. .....
#$.+.._.##.........
...##.##.
#$.+....###.#.....#
.. #.# # ####.#.##
#.#.##### . ..
#....### #.#.#
#.#### ##.#.#
##'########..#.#


You could see Terence, purpskrrrp's ghost, an adder and a giant cockroach.

Vanquished Creatures
  Natasha (twice) (D:3)
  An adder (D:2)
  2 worms (D:2)
  2 dart slugs
  4 endoplasms
  2 giant cockroaches (D:2)
  3 goblins
  3 hobgoblins
  4 jackals (D:2)
  2 kobolds
  2 quokkas (D:2)
  6 ball pythons
  5 bats
  4 frilled lizards
  A giant cockroach zombie (D:3)
  A quokka zombie (D:3)
  3 rats
47 creatures vanquished.

Notes
Turn   | Place    | Note
-------+----------+-------------------------------------------
     0 | D:1      | ptdevnull the Draconian Conjurer began the quest for the
                  | Orb.
     0 | D:1      | Reached XP level 1. HP: 14/14 MP: 3/3
   362 | D:1      | Reached XP level 2. HP: 20/20 MP: 1/5
   365 | D:1      | Learned a level 2 spell: Searing Ray
   968 | D:2      | Reached XP level 3. HP: 26/26 MP: 3/6
  1397 | D:2      | Learned a level 3 spell: Dazzling Flash
  2265 | D:3      | Found a runed translucent gate.
  2265 | D:3      | Found a runed translucent gate.
  2265 | D:3      | Found a runed translucent gate.
  2265 | D:3      | Noticed purpskrrrp's ghost (amateur FoFi)
  2267 | D:3      | Found a basalt altar of Yredelemnul.
  2358 | D:3      | Noticed Natasha
  2362 | D:3      | Killed Natasha
  2363 | D:3      | Reached XP level 4. HP: 33/33 MP: 3/8
  2412 | D:3      | Noticed Natasha
  2414 | D:3      | Killed Natasha
  2415 | D:3      | Reached skill level 5 in Conjurations
  2501 | D:3      | Noticed Terence
  2534 | D:3      | HP: 1/33 [cloud of poison gas (6)]
  2534 | D:3      | Succumbed to their own poison gas

Illustrated notes

Levels and vault maps discovered:
D:1:      lemuel_arrival_room, layout_basic
D:2:      layout_loops_ring, nicolae_underground_beach
D:3:      minmay_bubble_buster, layout_basic, nicolae_yredelemnul_ghost_church,
          basic_ecumenical_altar, uniq_natasha, uniq_terence

Skill      XL: |  1  2  3  4 |
---------------+-------------+-----
Stealth        | 2 |  2.0
Dodging        | 2 |  2.0
Spellcasting   | 3 |  3.3
Conjurations   | 5 |  5.0

Action                   |  1- 3 |  4- 6 || total
-------------------------+-------+-------++-------
Melee: Dagger            |     2 |       ||     2
 Cast: Magic Dart        |    77 |     5 ||    82
       Searing Ray       |     6 |     2 ||     8
  Use: Scroll            |       |     3 ||     3
 Stab: Sleeping          |     1 |       ||     1
Armor: Skin              |     1 |     3 ||     4
Dodge: Dodged            |     9 |     6 ||    15

Table legend: (Time is in decaauts)
 A = Elapsed time spent in this place.
 B = Non-inter-level travel time spent in this place.
 C = Inter-level travel time spent in this place.
 D = Time resting spent in this place.
 E = Time spent auto-exploring this place.
 F = Levels seen in this place.
 G = Mean time per level.
                   A        B        C        D        E       F      G
               +--------+--------+--------+--------+--------+-----+--------+
         Total |   2537 |   2499 |     38 |    420 |   1755 |   3 |  845.7 |
       Dungeon |   2537 |   2499 |     38 |    420 |   1755 |   3 |  845.7 |
               +--------+--------+--------+--------+--------+-----+--------+

Top non-repeatable levels by time:
     D:2: 1233 daAuts
     D:1: 978 daAuts
     D:3: 325 daAuts
